cohdb
Replays
Latest Replays
All Replays
Popular Replays
Top Player Replays
Match Explorer
How It Works
Community
CoH3 Stats
Reddit
Sign in to upload your games and track your stats! →
Sign in with Steam
Match 45832605
Unlisted
Match 45832605
Overview
Messages
Build Orders
End
Kettenkrad Recon Vehicle
Construct Infanterie Kompanie
Selects Mechanized Battlegroup
Grenadier Squad
GrW 34 Mortar Team
Grenadier Squad
GrW 34 Mortar Team
Medical Bunker
Construct Luftwaffe Kompanie
MG 42 Bunker
Support Elements
Selects Spotting Scopes
Selects Stoßtruppen Assault Package
Wirbelwind Flakpanzer
Pioneer Squad
MG 42 Machine Gun Team
Construct Panzergrenadier Kompanie
Side Skirts
Infanterie Officer Quarters
Luftwaffe Officer Quarters
Selects Zeroing Artillery Barrage
Nebelwerfer 42 Rocket Launcher Team
Selects Raid Package
Construct Panzer Kompanie
Selects 8 Rad Armored Car
Selects UNKNOWN (2160084)
Panther Heavy Tank
Panzer Officer Quarters
MG 42 Bunker
Repair Bunker
40_Заградотрядов
Lord Phoenix
Gorlomir
Czak_the_Pug
Oncle-Hô
BABAJAGA
p00k
Sleeper
0
0
Comments
sign in to comment!
No comments posted yet!